 Dungeon Crawl Stone Soup version 0.21.0-3-g78d12a8 (webtiles) character file.

402 Ghouzt the Covert (level 6, 0/46 HPs)
             Began as a Vampire Assassin on Jan 8, 2018.
             Killed from afar by an orc wizard (5 damage)
             ... with a magic dart
             ... on level 5 of the Dungeon.
             The game lasted 00:14:36 (3979 turns).

Ghouzt the Covert (Vampire Assassin)                Turns: 3979, Time: 00:14:36

Health: 0/46       AC:  6    Str: 11    XL:     6   Next: 55%
Magic:  6/6        EV: 19    Int: 13    God:
Gold:   241        SH:  0    Dex: 22    Spells: 5/5 levels left

rFire    . . .     SeeInvis +   a - +2 dagger
rCold    + . .     Gourm    .   (no shield)
rNeg     + + .     Faith    .   c - +0 robe
rPois    +         Spirit   .   m - +2 helmet
rElec    .         Reflect  .   d - +0 cloak
rCorr    .         Harm     .   (no gloves)
MR       .....                  (no boots)
Stlth    +++++++...             (no amulet)
HPRegen  0.07/turn              (no ring)
MPRegen  0.10/turn              (no ring)

@: agile, regenerating slowly
A: fangs 3, see invisible, unbreathing
a: Bat Form


You were on level 5 of the Dungeon.
You were near bloodless.

You visited 1 branch of the dungeon, and saw 5 of its levels.

You collected 241 gold pieces.

Inventory:

Hand Weapons
 a - a +2 dagger (weapon)
 b - a +0 blowgun
Missiles
 f - 2 curare-tipped needles
Armour
 c - a +0 robe (worn)
 d - a +0 cloak (worn)
 m - a +2 helmet (worn)
Scrolls
 h - 2 scrolls of remove curse {unknown}
 j - 3 scrolls of teleportation {unknown}
 k - 4 scrolls of identify {unknown}
 l - a scroll of fear {unknown}
 o - a scroll of amnesia {unknown}
 p - a scroll of enchant armour {unknown}
Potions
 g - 26 potions of blood
 i - 4 potions of flight


   Skills:
 + Level 2.6 Fighting
 + Level 4.3 Short Blades
 + Level 1.5 Throwing
 + Level 3.2 Dodging
 + Level 9.2 Stealth


You had 5 spell levels left.
You didn't know any spells.

Dungeon Overview and Level Annotations

Branches:
Dungeon (5/15)
 Temple: D:4-7

Altars:

Annotations:
D:4 Pikel


Innate Abilities, Weirdness & Mutations

You heal slowly.
You have razor-sharp teeth.
You have supernaturally acute eyesight. (SInv)
You can survive without breathing.


Message History

You kill the orc wizard!
The slave hits you.
* * * LOW HITPOINT WARNING * * *
You barely miss the orc wizard. The orc wizard hits you with a dagger.
* * * LOW HITPOINT WARNING * * *
The slave completely misses you.
You hit the orc wizard but do no damage.
You bite the orc wizard, but do no damage.
The orc wizard hits you but does no damage.
The slave closely misses you.
You barely miss the orc wizard. You hit the orc wizard.
The orc wizard is lightly wounded.
The orc wizard mumbles some strange words.
The orc wizard seems to speed up.
The slave closely misses you.
You completely miss the orc wizard.
The orc wizard is lightly wounded.
The orc wizard points at you and mumbles some strange words.
The magic dart hits you!
You die...

### #.. o.#
#># #.# #o#
#o# #@# #o#
#p# #.# # #)#
#.#####
#.#.###.....#
#.......#
#.......###.#
..####### #.#
#<# #.#


You could see a slave and an orc wizard (invisible).

Vanquished Creatures
  A slave (D:4)
  A centaur (D:5)
  The ghost of dscm the Digger, an amateur OpEE (D:3)
  A scorpion (D:4)
  A hound (D:4)
  An orc wizard (D:5)
  Jessica (D:2)
  Robin (D:2)
  2 adders
  An ooze (D:1)
  A worm (D:2)
  A dart slug (D:1)
  3 leopard geckos
  An orc (D:3)
  3 giant cockroaches
  13 goblins
  7 hobgoblins
  10 jackals
  11 kobolds
  10 bats
  6 frilled lizards
  A jackal skeleton (D:4)
  7 rats
85 creatures vanquished.

Notes
Turn   | Place    | Note
-------+----------+-------------------------------------------
     0 | D:1      | Ghouzt the Vampire Assassin began the quest for the Orb.
     0 | D:1      | Reached XP level 1. HP: 16/16 MP: 1/1
    56 | D:1      | Reached skill level 6 in Stealth
   138 | D:1      | Reached XP level 2. HP: 17/22 MP: 2/2
   228 | D:1      | Reached skill level 7 in Stealth
   528 | D:1      | Reached XP level 3. HP: 23/27 MP: 3/3
  1065 | D:2      | Noticed Jessica
  1073 | D:2      | Killed Jessica
  1115 | D:2      | Reached XP level 4. HP: 6/33 MP: 4/4
  1719 | D:2      | Reached skill level 8 in Stealth
  1727 | D:2      | Noticed Robin
  1747 | D:2      | Killed Robin
  2553 | D:3      | Noticed dscm's ghost (amateur OpEE)
  2555 | D:3      | Killed dscm's ghost
  2555 | D:3      | Reached XP level 5. HP: 38/38 MP: 5/5
  3218 | D:4      | Reached XP level 6. HP: 2/46 MP: 6/6
  3833 | D:4      | Reached skill level 9 in Stealth
  3837 | D:4      | Noticed a slave
  3867 | D:4      | Noticed Pikel
  3867 | D:4      | Noticed a slave
  3899 | D:4      | Killed a slave
  3901 | D:4      | Noticed a slave
  3901 | D:4      | Noticed a slave
  3937 | D:5      | Entered Level 5 of the Dungeon
  3979 | D:5      | Killed from afar by an orc wizard

Skill      XL: |  1  2  3  4  5  6 |
---------------+-------------------+-----
Stealth        | 6 7 8 9 |  9.2
Fighting       | 2 |  2.6
Short Blades   | 3 4 |  4.3
Dodging        | 2 3 |  3.2
Throwing       | |  1.5

Action                   |  1- 3 |  4- 6 || total
-------------------------+-------+-------++-------
Melee: Dagger            |    96 |   215 ||   311
       Bite              |    15 |    27 ||    42
Throw: Stone             |     5 |       ||     5
  Use: Potion            |       |     9 ||     9
 Stab: Sleeping          |     3 |     7 ||    10
       Distracted        |       |     1 ||     1
Armor: Robe              |    25 |    67 ||    92
Dodge: Dodged            |    48 |   159 ||   207
